AoeStats
← shai

Arabia

507920236Analyzed
1v1 RM · 13d ago on Sep 20, 2026· 50m 21s· 2 players
Game mode
Random Map
Map size
Tiny (2 player)
Population
200
Speed
Normal
Resources
Standard
Victory
Conquest
Starting age
Dark Age
Ending age
Imperial Age
RankedLock teamsTeams togetherTeam positionsShared explorationLock speedFull tech treeHidden civsTurbo modeCheats
Victory
Defeat
🇫🇷 Khmer · France
1446
+18
🇹🇼 Goths · Taiwan
1485
-18
Ligéis
5:47 Loom
8:54 Feudal Age
18:21 Double-Bit Axe
18:25 Horse Collar
19:47 Bloodlines
20:18 Forging
27:37 Castle Age
25:43 Fletching
27:03 Padded Archer Armor
26:55 Gold Mining
27:12 Scale Barding Armor
28:19 Bodkin Arrow
27:50 Crossbowman
28:57 Bow Saw
28:48 Heavy Plow
29:50 Wheelbarrow
31:44 Gold Shaft Mining
33:33 Padded Archer Armor
33:58 Hand Cart
35:36 Gold Shaft Mining
36:32 Light Cavalry
39:15 Ballistics
42:31 Imperial Age
40:39 Leather Archer Armor
41:38 Town Watch
43:14 Bracer
44:21 Chemistry
43:14 Arbalester
46:24 Ring Archer Armor
46:14 Chain Barding Armor
47:22 Husbandry
48:45 Plate Barding Armor
50:21 Cavalier
shai
1:51 Loom
8:55 Feudal Age
9:17 Man-at-Arms
15:06 Double-Bit Axe
18:43 Fletching
19:17 Forging
20:40 Scale Mail Armor
26:00 Castle Age
24:32 Horse Collar
26:06 Long Swordsman
27:08 Squires
29:39 Chain Mail Armor
30:41 Bodkin Arrow
31:43 Padded Archer Armor
31:42 Gold Mining
34:01 Husbandry
34:27 Bloodlines
35:04 Husbandry
36:46 Ballistics
38:40 Leather Archer Armor
39:30 Wheelbarrow
40:34 Stone Mining
45:15 Imperial Age
46:35 Pikeman
47:02 Elite Huskarl
Connection lost

Rejoining the realm…

Still unreachable

The connection could not be restored.

Session expired

The server has moved on; the page needs a fresh start.